Map: Ulrena

Players

Hydra - Winner!

  • Race: Zerg Zerg

Neeb

  • Race: Protoss Protoss

Event: 2016 WCS Winter Circuit Championship

VOD

Have the link to the VOD?

Description

Time

  • Played on: March 4, 2016, 8:40 a.m.
  • Length: 5:03

All games in this series

Show
View Real Time Build Order
Export as new Build Order

Hydra Zerg - Winner!

Build Orders: Pool First 

Get SALT Encoding   

  12  0:00  Drone  
  13  0:12  Overlord  
  13  0:17  Drone  
  14  0:30  Drone x2  
  14  0:34  Drone  
  17  0:43  Extractor  
  17  0:44  Drone  
  17  0:50  Spawning Pool  
  17  0:55  Drone  
  17  1:06  Drone  
  18  1:19  Hatchery  
  18  1:23  Drone  
  18  1:36  Queen  
  18  1:39  Zergling x2  
  21  1:42  Drone  
  22  1:50  Metabolic Boost  
  22  2:02  Roach Warren  
  22  2:05  Drone  
  22  2:13  Overlord  
  22  2:21  Overlord  
  22  2:42  Roach x2  
  25  2:45  Roach x3  
  25  2:50  Roach  
  33  2:55  Roach  
  35  3:00  Roach  
  37  3:07  Zergling x4  
  39  3:13  Zergling x4  
  39  3:16  Zergling x2  
  42  3:20  Zergling x2  
  42  3:22  Zergling x2  
  44  3:31  Overlord  
  38  3:43  Zergling x8  
  38  3:47  Zergling x2  
  39  3:51  Zergling x2  
  40  3:56  Ravager  
  40  3:57  Zergling x4  
  43  4:08  Zergling x6  
  40  4:12  Ravager  
  40  4:20  Zergling x6  
  42  4:26  Zergling x2  
  42  4:27  Ravager  
  41  4:35  Zergling x4  
Show
View Real Time Build Order
Export as new Build Order

Neeb Protoss 

Build Orders:  

Get SALT Encoding   

  12  0:00  Probe (Chrono Boost)  
  13  0:11  Probe (Chrono Boost)  
  14  0:18  Pylon  
  14  0:22  Probe (Chrono Boost)  
  15  0:36  Probe (Chrono Boost)  
  15  0:37  Gateway  
  16  0:46  Probe (Chrono Boost)  
  16  0:49  Assimilator  
  17  0:57  Probe (Chrono Boost)  
  18  1:08  Probe (Chrono Boost)  
  19  1:20  Probe (Chrono Boost)  
  19  1:23  Assimilator  
  19  1:25  Pylon, Cybernetics Core  
  20  1:31  Probe (Chrono Boost)  
  21  1:42  Probe (Chrono Boost)  
  22  1:53  Nexus  
  22  1:58  Probe (Chrono Boost)  
  22  2:01  Warp Gate (Chrono Boost)  
  23  2:07  Adept (Chrono Boost)  
  25  2:10  Probe  
  26  2:17  Pylon  
  27  2:26  Mothership Core (Chrono Boost)  
  28  2:31  Adept  
  30  2:45  Probe  
  31  2:57  Probe  
  32  2:59  Gateway  
  32  3:03  Gateway  
  34  3:05  Stalker (Chrono Boost)  
  34  3:14  Pylon  
  34  3:19  Probe  
  34  3:20  Probe  
  36  3:31  Probe  
  36  3:32  Probe  
  38  3:43  Pylon  
  32  3:53  Pylon  
  29  3:57  Sentry  
  29  3:58  Probe x2  
  33  4:04  Pylon  
  33  4:08  Pylon  
  31  4:18  Stalker  
  31  4:20  Stargate  
  33  4:36  Probe  
  29  4:39  Probe  
  29  4:43  Adept  
Tags
 
Add a new tag
Caveats
  • Supply blocks, unpowered buildings, or Contaminate may cause inaccurate times.
  • Supply counts are checked every 10 seconds.